 Dungeon Crawl Stone Soup version 0.30-a0-557-ge2afbf3030 (webtiles) character file.

Game seed: 13499924847570883707

578 hikkokomori the Covert (level 7, -2/36 HPs)
             Began as a Spriggan Brigand on Dec 27, 2022.
             Slain by an orc
             ... wielding a +0 morningstar of draining
              (11 damage)
             ... on level 5 of the Dungeon on Dec 28, 2022.
             The game lasted 00:06:37 (3235 turns).

hikkokomori the Covert (Spriggan Brigand)           Turns: 3235, Time: 00:06:37

Health: -2/36      AC:  3    Str:  9    XL:     7   Next: 13%
Magic:  8/8        EV: 19    Int: 15    God:
Gold:   218        SH:  0    Dex: 16    Spells: 6/6 levels left

rFire   . . .      SeeInvis +    s - +7 sling "Ychiceeduuq" {elec, Will+ Str+2}
rCold   . . .      Faith    .    (no shield)
rNeg    + . .      Spirit   .    b - +0 robe
rPois   .          Reflect  .    (helmet restricted)
rElec   .          Harm     .    c - +0 cloak
rCorr   .          Rampage  .    (gloves unavailable)
Will    ++...                    (boots unavailable)
Stlth   ++++                     (no amulet)
HPRegen 0.26/turn                i - ring of positive energy
MPRegen 0.11/turn                (no ring)

@: very quick
A: very small, no large weapons, unfitting armour, see invisible, speed 3
a: no special abilities


You were on level 5 of the Dungeon.
You visited 1 branch of the dungeon, and saw 5 of its levels.

You collected 218 gold pieces.

Inventory:

Hand Weapons
 a - a +2 dagger
 s - the +7 sling "Ychiceeduuq" (weapon) {elec, Will+ Str+2}
   (You found it on level 2 of the Dungeon)

   Any ammunition fired from it occasionally discharges a powerful burst of
   electricity upon striking a foe.
   Str:       It affects your strength (+2).
   Will:      It increases your willpower.
Missiles
 d - 22 poisoned darts
 e - 3 curare-tipped darts
Armour
 b - a +0 robe (worn)
 c - a +0 cloak (worn)
 f - a +0 cloak
Jewellery
 i - a ring of positive energy (left hand)
Wands
 n - a wand of flame (24)
Scrolls
 g - 2 scrolls of brand weapon {unknown}
 j - 3 scrolls of enchant armour {unknown}
 l - 2 scrolls of poison {unknown}
 m - a scroll of amnesia {unknown}
 o - a scroll of noise {unknown}
 q - 2 scrolls of identify {unknown}
 v - 3 scrolls of teleportation {unknown}
 w - a scroll of fog {unknown}
Potions
 h - 2 potions of invisibility {unknown}
 k - 4 potions of attraction {unknown}
 p - 3 potions of flight {unknown}
 r - 2 potions of curing {unknown}
 t - a potion of haste {unknown}
 u - 2 potions of brilliance {unknown}
 x - a potion of resistance {unknown}
 z - a potion of lignification {unknown}


   Skills:
 + Level 3.4 Fighting
 - Level 3.4 Short Blades
 + Level 2.6 Ranged Weapons
 - Level 2.0 Throwing
 + Level 5.1 Dodging
 + Level 8.3 Stealth


You had 6 spell levels left.
You didn't know any spells.
Your spell library contained the following spells:

 Spells                   Type           Power      Damage    Failure   Level
 Blink                    Tloc           0%         N/A       38%         2
 Momentum Strike          Conj/Tloc      0%         3d8       38%         2
 Lesser Beckoning         Tloc           0%         N/A       63%         3
 Petrify                  Tmut/Erth      0%         N/A       95%         4
 Metabolic Englaciation   Hex/Ice        0%         N/A       100%        5
 Statue Form              Tmut/Erth      0%         N/A       100%        6


Dungeon Overview and Level Annotations

Branches:
Dungeon (5/15)
 Temple: D:4-7

Altars:

Shops:
D:3 ?

Annotations:
D:2 1 runed translucent door, Crazy Yiuf


Innate Abilities, Weirdness & Mutations

You are very small and have problems with some larger weapons.
You are too small for most types of armour.
You have supernaturally acute eyesight. (SInv)
You cover ground extremely quickly. (Speed+++)


Message History

The sling bullet completely misses the orc.
The sling bullet barely misses the orc priest.
You shoot a sling bullet. The sling bullet hits the orc.
The orc is lightly wounded.
The orc priest invokes the aid of Beogh against you.
Beogh smites you!
You hear a shout!
You shoot a sling bullet. The sling bullet hits the orc.
The orc is severely wounded.
The orc hits you with a +0 club.
You shoot a sling bullet. The sling bullet hits the orc!
You kill the orc!
An orc comes into view.
It is wielding a +0 morningstar of draining.
The orc priest hits you with a +0 hand axe.
You shoot a sling bullet. The sling bullet hits the orc priest.
The orc priest is lightly wounded.
The orc priest misses you. The orc priest closely misses you.
You shoot a sling bullet.
The sling bullet barely misses the orc priest.
The sling bullet hits the orc but does no damage.
The orc priest completely misses you.
You shoot a sling bullet.
The sling bullet barely misses the orc priest.
The orc closely misses you.
The orc priest hits you with a +0 hand axe.
You are too injured to fight recklessly!
Unknown command.
You don't know any spells.
Unknown command.
Unknown command.
Fire: s) +7 sling "Ychiceeduuq" {elec, Will+ Str+2}
Press: ? - help, Shift-Dir - straight line, f/p - orc priest
Aim: an orc priest, wielding a +0 hand axe (lightly wounded, 67% to hit)
You shoot a sling bullet. The sling bullet hits the orc priest!
The orc priest is severely wounded.
The orc barely misses you.
The orc priest hits you with a +0 hand axe.
* * * LOW HITPOINT WARNING * * *
The orc hits you with a +0 morningstar of draining!
You die...

....... >.........
.......). ### ........
#.. .......) #..
#....#+####+#######..
#....#...............
#...oo...........##..
#..)@#...........####
#...?#...##..##'##
#....##...##..##..#
#....+............+
+....#............####
#....#............##..
#....#................
#....########'##..##..
#.........##..##..##..


You could see an orc priest and an orc.

Vanquished Creatures
  An ogre (D:5)
  A phantom (D:4)
  2 jellies
  Jessica (D:2)
  An orc wizard (D:5)
  Terence (D:3)
  7 gnolls
  8 adders
  A white imp (D:4)
  An ufetubus (D:5)
  3 worms
  5 dart slugs
  6 orcs
  8 ball pythons
  9 endoplasms
  6 giant cockroaches
  7 goblins
  8 hobgoblins
  8 jackals
  6 quokkas
  3 bats
  2 frilled lizards (D:1)
  8 kobolds
  13 rats
116 creatures vanquished.

Vanquished Creatures (others)
  6 plants (D:1)
6 creatures vanquished.

Grand Total: 122 creatures vanquished

Notes
Turn   | Place    | Note
-------+----------+-------------------------------------------
     0 | D:1      | hikkokomori the Spriggan Brigand began the quest for the
                  | Orb.
     0 | D:1      | Reached XP level 1. HP: 10/10 MP: 2/2
    46 | D:1      | Reached skill level 6 in Stealth
   103 | D:1      | Reached XP level 2. HP: 15/15 MP: 3/3
   391 | D:1      | Reached XP level 3. HP: 18/18 MP: 4/4
   909 | D:2      | Reached XP level 4. HP: 23/23 MP: 5/5
  1165 | D:2      | Noticed Jessica
  1288 | D:2      | Killed Jessica
  1405 | D:2      | Identified the +7 sling "Ychiceeduuq" {elec, Will+ Str+2}
  1486 | D:2      | Found a runed translucent door.
  1487 | D:2      | Noticed Crazy Yiuf
  1533 | D:2      | Reached skill level 7 in Stealth
  1533 | D:2      | Reached XP level 5. HP: 27/27 MP: 6/6
  1990 | D:3      | Reached skill level 1 in Ranged Weapons
  2162 | D:3      | Found Vik Mik's Magic Scroll Boutique.
  2220 | D:3      | Noticed Terence
  2222 | D:3      | Killed Terence
  2382 | D:4      | Reached XP level 6. HP: 32/32 MP: 7/7
  3033 | D:4      | Upgraded the game from 0.30-a0-553-g7fabdf1491 to
                  | 0.30-a0-557-ge2afbf3030
  3064 | D:5      | Entered Level 5 of the Dungeon
  3068 | D:5      | Reached skill level 8 in Stealth
  3224 | D:5      | Reached skill level 5 in Dodging
  3224 | D:5      | Reached XP level 7. HP: 36/36 MP: 8/8
  3235 | D:5      | Slain by an orc

Illustrated notes

Levels and vault maps discovered:
D:1:      lightli_arrival_windingriver, layout_rooms, serial_forest,
          infiniplex_forest_lined_room_, infiniplex_forest_diagonal,
          infiniplex_forest_clump_double, infiniplex_forest_straight_2,
          infiniplex_forest_clump_small, minivault_23
D:2:      minmay_thinvault, layout_rooms, kennysheep_generic_room_9,
          uniq_crazy_yiuf_cottage, uniq_jessica
D:3:      layout_rooms, serial_shops, nicolae_diamond_shop,
          minmay_strange_pillars, uniq_terence
D:4:      layout_loops_ring, dk_noncrumbling_3, skrybe_limestone_x
D:5:      layout_gridville, uniq_sigmund, uniq_duvessa

Skill      XL: |  1  2  3  4  5  6 |
---------------+-------------------+-----
Stealth        | 6 7 8 |  8.3
Dodging        | 2 3 4 5 |  5.1
Fighting       | 2 3 |  3.4
Short Blades   | 3 |  3.4
Ranged Weapons | 1 2 |  2.6
Throwing       | |  2.0

Action                   |  1- 3 |  4- 6 |  7- 9 || total
-------------------------+-------+-------+-------++-------
Melee: Dagger            |   169 |    57 |       ||   226
 Fire: Sling             |       |   120 |    11 ||   131
Throw: Dart              |       |     3 |       ||     3
 Stab: Sleeping          |     9 |     6 |       ||    15
Armor: Robe              |    12 |     9 |       ||    21
Dodge: Dodged            |   124 |    61 |     5 ||   190

Table legend: (Time is in decaauts)
 A = Elapsed time spent in this place.
 B = Non-inter-level travel time spent in this place.
 C = Inter-level travel time spent in this place.
 D = Time resting spent in this place.
 E = Time spent auto-exploring this place.
 F = Levels seen in this place.
 G = Mean time per level.
                   A        B        C        D        E       F      G
               +--------+--------+--------+--------+--------+-----+--------+
         Total |   2321 |   2256 |     65 |    136 |   1457 |   5 |  464.2 |
       Dungeon |   2321 |   2256 |     65 |    136 |   1457 |   5 |  464.2 |
               +--------+--------+--------+--------+--------+-----+--------+

Top non-repeatable levels by time:
     D:2: 874 daAuts
     D:4: 456 daAuts
     D:3: 442 daAuts
     D:1: 410 daAuts
     D:5: 137 daAuts
